AoeStats
← [♛I.A.♛] Ahorsy

Black Forest

510926913Analyzed
3v3 RM · 10h ago on Oct 3, 2026· 38m 52s· 6 players
Game mode
Random Map
Map size
Normal (6 player)
Population
200
Speed
Normal
Resources
Standard
Victory
Conquest
Starting age
Dark Age
Ending age
Imperial Age
RankedLock teamsTeams togetherTeam positionsShared explorationLock speedFull tech treeHidden civsTurbo modeCheats
Victory
Defeat
🇨🇴 Saracens · Colombia
823
+11
🇨🇴 Vietnamese · Colombia
766
+14
🇨🇴 Khmer · Colombia
749
+14
🇲🇽 Aztecs · Mexico
865
-18
🇺🇸 Danes · United States
741
-17
🇲🇽 Sicilians · Mexico
534
-7
cotaglas
4:02 Loom
14:17 Feudal Age
19:03 Wheelbarrow
18:46 Double-Bit Axe
19:12 Town Watch
29:50 Horse Collar
32:00 Man-at-Arms
[♛I.A♛] zoolly
14:36 Feudal Age
14:42 Feudal Age
15:08 Double-Bit Axe
15:08 Horse Collar
15:24 Gold Mining
21:31 Arson
21:13 Man-at-Arms
24:31 Wheelbarrow
24:37 Wheelbarrow
25:11 Arson
[♛I.A.♛] Ahorsy
0:39 Loom
21:19 Feudal Age
22:12 Double-Bit Axe
32:46 Castle Age
31:04 Fletching
Salado
1:22 Loom
15:31 Feudal Age
17:02 Double-Bit Axe
21:51 Horse Collar
25:38 Castle Age
25:56 Fishing Lines
28:12 Heavy Plow
28:27 Bow Saw
32:11 Gillnets
36:53 Ballistics
ivantor17
13:22 Feudal Age
15:10 Double-Bit Axe
18:34 Wheelbarrow
17:51 Loom
24:28 Castle Age
23:05 Fletching
23:18 Padded Archer Armor
24:49 Crossbowman
25:40 Thumb Ring
29:40 Bow Saw
31:06 Bodkin Arrow
32:29 Leather Archer Armor
34:43 Ballistics
39:25 Hand Cart
Cronos6254695
1:00 Loom
15:00 Feudal Age
19:02 Scale Barding Armor
19:08 Forging
22:21 Bloodlines
29:55 Castle Age
29:26 Double-Bit Axe
30:03 Light Cavalry
31:27 Crossbowman
32:16 Padded Archer Armor
32:07 Fletching
35:18 Thumb Ring
35:39 Ballistics
35:27 Bodkin Arrow
35:48 Leather Archer Armor
Connection lost

Rejoining the realm…

Still unreachable

The connection could not be restored.

Session expired

The server has moved on; the page needs a fresh start.